 Dungeon Crawl Stone Soup version 0.28-a0-687-gb91baff9cc (webtiles) character file.

Game seed: 5593707418176706199

81 Gwenloh the Chiller (level 4, -3/30 HPs)
             Began as a Merfolk Ice Elementalist on Oct 19, 2021.
             Slain by Sigmund (6 damage)
             ... on level 3 of the Dungeon.
             The game lasted 00:08:58 (2824 turns).

Gwenloh the Chiller (Merfolk Ice Elementalist)      Turns: 2824, Time: 00:08:58

Health: -3/30      AC:  2    Str:  8    XL:     4   Next: 42%
Magic:  1/8        EV: 12    Int: 15    God:
Gold:   91         SH:  0    Dex: 14    Spells: 1/8 levels left

rFire   + . .      SeeInvis .   e - +0 short sword
rCold   . . .      Faith    .   (no shield)
rNeg    . . .      Spirit   .   a - +0 robe
rPois   .          Reflect  .   (no helmet)
rElec   .          Harm     .   (no cloak)
rCorr   .          Rampage  .   (no gloves)
Will    .....                   (no boots)
Stlth   ++........              (no amulet)
HPRegen 0.10/turn               g - ring of protection from fire
MPRegen 0.11/turn               (no ring)

@: lethally poisoned (-3 -> -15), freezing walls
A: (nimble swimmer 2), mertail
a: no special abilities


You were on level 3 of the Dungeon.
You visited 1 branch of the dungeon, and saw 3 of its levels.

You collected 91 gold pieces.

Inventory:

Hand Weapons
 e - a +0 short sword (weapon)
Missiles
 c - 92 stones
 i - 17 poisoned darts (quivered)
Armour
 a - a +0 robe (worn)
 d - a +0 leather armour
Jewellery
 g - a ring of protection from fire (left hand)
Scrolls
 b - a scroll of enchant armour
 f - 2 scrolls of identify
 h - a scroll of teleportation {unknown}
 j - a scroll of vulnerability {unknown}


   Skills:
 - Level 2.6 Dodging
 - Level 2.1 Stealth
 + Level 2.8 Spellcasting
 * Level 5.8 Ice Magic


You had one spell level left.
You knew the following spells:

 Your Spells              Type           Power      Damage    Failure   Level
a - Freeze                Ice            76%        1d9       1%          1
b - Frozen Ramparts       Ice            38%        1d5       5%          3
c - Ozocubu's Armour      Ice            19%        N/A       5%          3

Your spell library contained the following spells:

 Spells                   Type           Power      Damage    Failure   Level
 Hailstorm                Conj/Ice       10%        3d5       52%         4
 Summon Ice Beast         Ice/Summ       10%        N/A       52%         4
 Summon Mana Viper        Hex/Summ       2%         N/A       99%         5
 Monstrous Menagerie      Summ           1%         N/A       100%        7


Dungeon Overview and Level Annotations

Branches:
Dungeon (3/15)

Altars:
Xom

Annotations:
D:3 Sigmund


Innate Abilities, Weirdness & Mutations

((You are quick and stealthy near water. (Stealth+, EV+, Speed+++)))
Your lower body shifts to a powerful aquatic tail in water.


Message History

The walls around you are covered in ice.
The wall freezes Sigmund.
Sigmund flickers, as though insubstantial.
Sigmund hits you with a +0 scythe of venom!
You are poisoned.
Casting: Frozen Ramparts (dangerous; 5% risk of failure)
Confirm with . or Enter, or press ? or * to list all spells.
You don't have enough magic to cast this spell.
You aren't carrying any potions.
You aren't carrying any potions.
Unknown command.
Unknown command.
Casting: Frozen Ramparts (dangerous; 5% risk of failure)
Confirm with . or Enter, or press ? or * to list all spells.
Aiming: Freeze (safe; 1% risk of failure)
Press: ? - help, Shift-Dir - straight line, f - Sigmund
Aim: Sigmund, wielding a +0 scythe of venom and wearing a +0 robe (lightly wounded)
You freeze Sigmund.
Sigmund is moderately wounded.
You feel very sick.
You aren't carrying any potions.
As you read the scroll labelled FEJAON ETOVU, it crumbles to dust.
It is a scroll of identify.
b - a scroll of enchant armour You feel very sick.
The wall freezes Sigmund.
Sigmund hits you with a +0 scythe of venom.
* * * LOW HITPOINT WARNING * * *
You are lethally poisoned!
* * * LOW HITPOINT WARNING * * *
You feel very sick.
The wall freezes Sigmund.
Sigmund gestures wildly while chanting.
Sigmund flickers and vanishes!
Deactivating autopickup; reactivate with Ctrl-A.
Unknown command.
* * * LOW HITPOINT WARNING * * *
You feel very sick.
The wall freezes something.
Something hits you.
You die...

####### #.# #.....# #.#
#.....# #.# #####.....#
#.# ..........## #.#
#.......# #.# ##..#.##.#
#.###
##r#.##.....##{###.<.#
..........###.#@##...#
##.#...#..#.†###.....#
##.#..###(@.## ##.#.##
...... ##.## ##..#####
......###...## ##.........
.......#..#..###..#.#####.
.S.. #...#.#.#.#.#.# .(.@
#...........#.#
##..#)##.####.#


There were no monsters in sight!

Vanquished Creatures
  2 adders
  A worm (D:2)
  A dart slug (D:2)
  An orc (D:3)
  4 ball pythons
  2 bats
  5 endoplasms
  A giant cockroach (D:1)
  5 goblins
  7 hobgoblins
  6 jackals
  2 quokkas
  9 frilled lizards
  6 kobolds
  A rat (D:1)
53 creatures vanquished.

Notes
Turn   | Place    | Note
-------+----------+-------------------------------------------
     0 | D:1      | Gwenloh the Merfolk Ice Elementalist began the quest for
                  | the Orb.
     0 | D:1      | Reached XP level 1. HP: 13/13 MP: 3/3
   370 | D:1      | Reached XP level 2. HP: 17/19 MP: 0/5
   725 | D:1      | Reached skill level 5 in Ice Magic
   815 | D:1      | Found a faded altar of an unknown god.
   880 | D:1      | Reached XP level 3. HP: 24/24 MP: 3/6
   980 | D:1      | Learned a level 3 spell: Frozen Ramparts
  1380 | D:2      | Found a shimmering altar of Xom.
  1994 | D:2      | Reached XP level 4. HP: 30/30 MP: 2/8
  1999 | D:2      | Learned a level 3 spell: Ozocubu's Armour
  2598 | D:3      | Found a shimmering altar of Xom.
  2804 | D:3      | Noticed Sigmund
  2824 | D:3      | Slain by Sigmund

Illustrated notes

Levels and vault maps discovered:
D:1:      saegor_arrival_simple_c, layout_basic,
          hellmonk_ecumenical_altar_run_dry
D:2:      layout_loops_ring, basic_altar
D:3:      layout_loops_cross, mainiacjoe_overflow_catwalk,
          minmay_goblin_kobold_house, uniq_ijyb, uniq_sigmund

Skill      XL: |  1  2 |
---------------+-------+-----
Ice Magic      | 5 |  5.8
Dodging        | |  2.6
Stealth        | |  2.1
Spellcasting   | |  2.8

Action                   |  1- 3 |  4- 6 || total
-------------------------+-------+-------++-------
Melee: Unarmed           |     2 |       ||     2
       Short sword       |     5 |     6 ||    11
Throw: Stone             |    97 |    23 ||   120
       Dart              |       |     8 ||     8
 Cast: Freeze            |    55 |    14 ||    69
       Frozen Ramparts   |     3 |     3 ||     6
       Ozocubu's Armour  |       |     1 ||     1
  Use: Scroll            |       |     1 ||     1
Armor: Robe              |     7 |     2 ||     9
Dodge: Dodged            |    17 |     4 ||    21

Table legend: (Time is in decaauts)
 A = Elapsed time spent in this place.
 B = Non-inter-level travel time spent in this place.
 C = Inter-level travel time spent in this place.
 D = Time resting spent in this place.
 E = Time spent auto-exploring this place.
 F = Levels seen in this place.
 G = Mean time per level.
                   A        B        C        D        E       F      G
               +--------+--------+--------+--------+--------+-----+--------+
         Total |   2836 |   2725 |    111 |    163 |   2103 |   3 |  945.3 |
       Dungeon |   2836 |   2725 |    111 |    163 |   2103 |   3 |  945.3 |
               +--------+--------+--------+--------+--------+-----+--------+

Top non-repeatable levels by time:
     D:2: 1456 daAuts
     D:1: 1214 daAuts
     D:3: 165 daAuts
